[Event "Late-Titled-Tuesday-Blitz-March-26-2024"]
[Site "Chess.com"]
[Date "2024.03.26"]
[Round "8"]
[White "DinaBelenkaya"]
[Black "N_I_Chess"]
[Result "1-0"]
[WhiteElo "2498"]
[BlackElo "2334"]
[TimeControl "180+1"]
[EndTime "15:27:20 PDT"]
[Termination "DinaBelenkaya won by resignation"]

1. Nf3 Nf6 2. g3 d5 3. Bg2 Bf5 4. d3 e6 5. O-O Be7 6. Nbd2 O-O 7. Ne5 Nbd7 8. Nxd7 Qxd7 9. e4 dxe4 10. dxe4 Bg6 11. Qe2 e5 12. Nc4 Qe6 13. Bg5 h6 14. Bxf6 Bxf6 15.
Ne3 Be7 16. Rfd1 Rfd8 17. Nd5 Bc5 18. Nxc7 Qb6 19. Nxa8 Rxa8 20. c3 f6 21. b4 Bf8 22.
Rd7 Be8 23. Rd2 Rc8 24. Rad1 Bb5 25. Qf3 a5 26. Bh3 Rc7 27. Rd8 axb4 28. cxb4 Bc4 29. a3 Bf7 30. Bf5 Rc2 31. Bh7+ Kxh7 32. Rxf8 Rc7 33.
Rdd8 g6 34. h4 Rc1+ 35. Kg2 h5 36. Rxf7+ 1-0

[Event "Late-Titled-Tuesday-Blitz-March-26-2024"]
[Site "Chess.com"]
[Date "2024.03.26"]
[Round "8"]
[White "deepfear"]
[Black "Cluke86"]
[Result "0-1"]
[WhiteElo "1976"]
[BlackElo "2320"]
[TimeControl "180+1"]
[EndTime "15:27:20 PDT"]
[Termination "Cluke86 won on time"]

1. e4 d6 2. d4 Nf6 3. Nc3 e5 4. dxe5 dxe5 5. Qxd8+ Kxd8 6. Bg5 Be6 7. O-O-O+ Nd7 8. Nf3 h6 9. Bh4 Bd6 10. Nb5 Ke7 11.
Nxd6 cxd6 12. Nd2 g5 13. Bg3 a6 14. f3 b5 15. Bd3 Rac8 16. h4 Nc5 17. Kb1 Nh5 18.
Bf2 Nxd3 19. cxd3 Nf4 20. d4 Nxg2 21. dxe5 dxe5 22. hxg5 hxg5 23. Rxh8 Rxh8 24. Bc5+ Kf6 25. Nb3 Rh3 26. Bb6 Rxf3 27. Nc5 Nf4 28. Rd6 g4 29.
Nd7+ Ke7 30. Bc5 Bxd7 31. Rxa6+ Kd8 32. Ra8+ Kc7 33. Ra7+ Kc6 34. Bb4 Rf1+ 35. Kc2 Rf2+ 36. Kb1 Nd3 0-1

[Event "Late-Titled-Tuesday-Blitz-March-26-2024"]
[Site "Chess.com"]
[Date "2024.03.26"]
[Round "8"]
[White "MPCandelario"]
[Black "noblerone"]
[Result "1-0"]
[WhiteElo "2674"]
[BlackElo "2540"]
[TimeControl "180+1"]
[EndTime "15:27:22 PDT"]
[Termination "MPCandelario won on time"]

1. e4 c5 2. Nf3 e6 3. d4 cxd4 4. Nxd4 Qb6 5. Nb3 Qc7 6. Bd3 Nf6 7. O-O h5 8. f4 h4 9. Nc3 a6 10. e5 Nd5 11. Nxd5 exd5 12. Qf3 b5 13. a4 b4 14.
f5 h3 15. g3 Bb7 16. Bf4 Bc5+ 17. Nxc5 Qxc5+ 18. Qf2 d4 19. Rfe1 Nc6 20. e6 d6 21.
exf7+ Kxf7 22. Re6 Ne5 23. Bxe5 Qc6 24. Kf1 Qg2+ 25. Ke2 Bf3+ 26. Ke1 dxe5 27. Bc4 1-0

[Event "Late-Titled-Tuesday-Blitz-March-26-2024"]
[Site "Chess.com"]
[Date "2024.03.26"]
[Round "8"]
[White "Boundless_Strike"]
[Black "giomar27"]
[Result "0-1"]
[WhiteElo "2615"]
[BlackElo "2466"]
[TimeControl "180+1"]
[EndTime "15:27:24 PDT"]
[Termination "giomar27 won by checkmate"]

1. d4 Nf6 2. Nc3 c5 3. Bg5 cxd4 4. Qxd4 Nc6 5. Qh4 e6 6. O-O-O Be7 7. e4 O-O 8. Nf3 h6 9. Bxh6 gxh6 10. Qxh6 Ng4 11.
Qd2 Qb6 12. Qf4 f5 13. exf5 exf5 14. Bc4+ Kg7 15. h3 Nxf2 16. Qg3+ Kh8 17. Ng5 Bxg5+ 18. Qxg5 Ne5 19. Rd4 f4 20. Qxe5+ Qf6 21. Qh5+ Kg7 22. Ne4 Nxe4 23. Rxe4 d5 24. Qxd5 Bf5 25. Qxb7+ Kh8 26. Re7 Rab8 27. Qc7 Qxb2+ 28. Kd1 Qxc2+ 29. Ke1 Rb1# 0-1

[Event "Late-Titled-Tuesday-Blitz-March-26-2024"]
[Site "Chess.com"]
[Date "2024.03.26"]
[Round "8"]
[White "BabageldiAnnaberdiyev"]
[Black "HelenaWalker2912"]
[Result "1-0"]
[WhiteElo "2630"]
[BlackElo "2497"]
[TimeControl "180+1"]
[EndTime "15:27:25 PDT"]
[Termination "BabageldiAnnaberdiyev won by resignation"]

1. e4 c6 2. d4 d5 3. Nd2 dxe4 4. Nxe4 Nf6 5. Nxf6+ exf6 6. Bc4 Bd6 7. Qe2+ Be7 8.
Nf3 O-O 9. O-O Bd6 10. Re1 Na6 11. c3 Nc7 12. Qc2 Bg4 13. Nd2 Qd7 14. Nf1 Rfe8 15. Bd2 Bf5 16. Bd3 Bxd3 17. Qxd3 b5 18. a4 a6 19. Rxe8+ Rxe8 20. axb5 axb5 21. b3 h5 22. c4 Qg4 23. Be3 bxc4 24. bxc4 Rb8 25. h3 Qe6 26. Rd1 h4 27. Nd2 g5 28. Qe4 Re8 29.
Qxe6 fxe6 30. Ne4 Be7 31. Nc5 Bxc5 32. dxc5 Kf7 33. Rd6 e5 34. Rxc6 Ne6 35. Ra6 Rd8 36. c6 Rd1+ 37. Kh2 Rd3 38. Ra7+ Ke8 39. Bb6 Rd6 40.
c7 Rc6 41. Ra8+ Ke7 42. c8=Q 1-0

[Event "Late-Titled-Tuesday-Blitz-March-26-2024"]
[Site "Chess.com"]
[Date "2024.03.26"]
[Round "8"]
[White "Zq1"]
[Black "vladoboch"]
[Result "1-0"]
[WhiteElo "2628"]
[BlackElo "2485"]
[TimeControl "180+1"]
[EndTime "15:27:26 PDT"]
[Termination "Zq1 won by resignation"]

1. d4 Nf6 2. c4 g6 3. Nc3 Bg7 4. e4 d6 5. Nf3 O-O 6. Be2 e5 7. O-O Nc6 8. d5 Ne7 9. Ne1 Ne8 10. Be3 f5 11. f3 f4 12. Bf2 g5 13. c5 h5 14. a4 Ng6 15. a5 a6 16. cxd6 Nxd6 17. Na4 Rf7 18. Nc5 Nf8 19. b4 Qf6 20. Rc1 Qg6 21. h3 g4 22. fxg4 Nxe4 23. Bd3 Nxf2 24.
Bxg6 Nxd1 25. Bxf7+ Kxf7 26. Rxd1 hxg4 27. hxg4 Bxg4 28.
Nf3 b6 29. Ne4 bxa5 30. bxa5 Nd7 31. Rc1 Ra7 32. Rc6 Nb8 33. Nfg5+ Kg8 34. Rg6 Bf5 35.
Nf6+ Kf8 36. Ne6+ Bxe6 37. dxe6 Bxf6 38. Rxf6+ Ke7 39. Rg6 Nc6 40. Rc1 Nd4 41. Rg7+ Kd6 42. Rd7+ Kxe6 43. Rdxc7 Ra8 44. Rc8 Rxc8 45. Rxc8 Kd5 46.
Ra8 Nc6 47. Rxa6 Kc5 48. Kf2 Kb5 49. Rxc6 Kxc6 50. Kf3 Kb5 51. Ke4 f3 52. gxf3 1-0

[Event "Late-Titled-Tuesday-Blitz-March-26-2024"]
[Site "Chess.com"]
[Date "2024.03.26"]
[Round "8"]
[White "prime-morty"]
[Black "Romkachess"]
[Result "1-0"]
[WhiteElo "2575"]
[BlackElo "2686"]
[TimeControl "180+1"]
[EndTime "15:27:27 PDT"]
[Termination "prime-morty won by resignation"]

1. c4 e5 2. Nc3 Nc6 3. Nf3 Nf6 4. e3 Bb4 5. Qc2 O-O 6. Nd5 Be7 7. Ng5 g6 8. Nxe7+ Qxe7 9. a3 a5 10. h4 h5 11. b3 d5 12. cxd5 Nxd5 13. Bc4 Rd8 14.
Qe4 Bf5 15. Qf3 e4 16. Qg3 Ne5 17. Bb2 Nxc4 18. bxc4 Nb6 19. Rc1 Rd3 20. f3 Rad8 21.
fxe4 Bg4 22. O-O f5 23. exf5 gxf5 24. Nf3 c6 25. Ne5 Rxd2 26. Nxg4 fxg4 27. Bf6 Qe4 28.
Bxd8 Rxd8 29. Rf4 Qd3 30. Rf2 Na4 31. Qc7 Re8 32. Qf7+ Kh8 33. Qxe8+ Kh7 34. Rf7+ 1-0

[Event "Late-Titled-Tuesday-Blitz-March-26-2024"]
[Site "Chess.com"]
[Date "2024.03.26"]
[Round "8"]
[White "expii"]
[Black "MathiasWomacka"]
[Result "1/2-1/2"]
[WhiteElo "2224"]
[BlackElo "2477"]
[TimeControl "180+1"]
[EndTime "15:27:27 PDT"]
[Termination "Game drawn by repetition"]

1. e4 c5 2. Nf3 d6 3. d4 cxd4 4.
Nxd4 Nf6 5. Nc3 a6 6. g3 e5 7. Nde2 Nbd7 8. Bg2 b5 9. a3 Bb7 10. Be3 Be7 11. O-O O-O 12. h3 Rc8 13. f4 Nc5 14. Bxc5 Rxc5 15. f5 d5 16. g4 d4 17. Nb1 Nxe4 18.
Qd3 Nd6 19. Nd2 Bxg2 20. Kxg2 Bg5 21. Ne4 Nxe4 22. Qxe4 Qc7 23. c3 dxc3 24. Nxc3 Rc4 25. Qf3 Rd8 26. Ne4 Bf4 27. Rad1 h6 28. Rxd8+ Qxd8 29. Rd1 Rc2+ 30. Kh1 Qc7 31. Qd3 Rxb2 32. Qd8+ Qxd8 33. Rxd8+ Kh7 34. f6 Re2 35. fxg7 Kxg7 36. Nd6 e4 37. Nf5+ Kf6 38. Ra8 e3 39. Rxa6+ Ke5 40. Kg1 Ke4 41. Kf1 Ra2 42. Ra8 Kf3 43.
Nd4+ Ke4 44. Ne2 Be5 45. Re8 f6 46. Nc3+ Kf3 47. Nxa2 e2+ 48. Ke1 Bg3+ 49. Kd2 Bf4+ 50. Ke1 Bg3+ 51. Kd2 Bf4+ 52. Kd3 Be5 53. Kd2 Bf4+ 1/2-1/2

[Event "Late-Titled-Tuesday-Blitz-March-26-2024"]
[Site "Chess.com"]
[Date "2024.03.26"]
[Round "8"]
[White "Fandorine"]
[Black "bilelou"]
[Result "1-0"]
[WhiteElo "2903"]
[BlackElo "2703"]
[TimeControl "180+1"]
[EndTime "15:27:29 PDT"]
[Termination "Fandorine won on time"]

1. e4 c5 2. Nf3 Nc6 3. c3 e5 4. Bb5 Nf6 5. O-O Be7 6. Re1 d6 7. d4 Qc7 8. Bg5 O-O 9. dxc5 dxc5 10. Nbd2 Be6 11. Bc4 Bd7 12. a4 Na5 13. Bxf6 Bxf6 14. Bd5 c4 15. Qe2 Rac8 16. Nf1 a6 17. Ne3 Nb3 18.
Ra2 b5 19. axb5 axb5 20. h4 g6 21. h5 Be7 22. Rd1 Bc5 23. Ra6 Kg7 24. Ng5 f6 25.
Be6 Rcd8 26. Nxh7 Bxe6 27. Nxf8 1-0

[Event "Late-Titled-Tuesday-Blitz-March-26-2024"]
[Site "Chess.com"]
[Date "2024.03.26"]
[Round "8"]
[White "Revan_2002"]
[Black "prochn"]
[Result "1-0"]
[WhiteElo "2656"]
[BlackElo "2516"]
[TimeControl "180+1"]
[EndTime "15:27:32 PDT"]
[Termination "Revan_2002 won on time"]

1. Nf3 d5 2. g3 c6 3. Bg2 Nf6 4. O-O Bf5 5. d3 h6 6. c4 e6 7. cxd5 exd5 8. Nc3 Be7 9. Nd4 Bg6 10. e4 O-O 11. e5 Nfd7 12. f4 Bc5 13. Be3 Re8 14. Kh1 Bxd4 15. Bxd4 f5 16. Qb3 Nb6 17. a4 Qe7 18. a5 Nc8 19. a6 Nxa6 20. Nxd5 cxd5 21.
Qxd5+ Bf7 22. Qxb7 Nc7 23. Rfc1 Ne6 24. Qxa8 Nxd4 25.
Rxc8 Kh7 26. Rxe8 Bxe8 27. Qxa7 Qb4 28. Qa3 Qd2 29. Qc3 Qe3 30. Qc5 Bh5 31. Qc1 Qxd3 32. Qc3 Qxc3 33. bxc3 1-0

[Event "Late-Titled-Tuesday-Blitz-March-26-2024"]
[Site "Chess.com"]
[Date "2024.03.26"]
[Round "8"]
[White "ViIIagra"]
[Black "Zavgorodniy_Sergiy"]
[Result "1-0"]
[WhiteElo "2892"]
[BlackElo "2662"]
[TimeControl "180+1"]
[EndTime "15:27:34 PDT"]
[Termination "ViIIagra won by checkmate"]

1. g3 d5 2. Bg2 Nf6 3. f4 g6 4. Nf3 Bg7 5. O-O O-O 6. d3 c5 7. c3 Nc6 8. Qc2 d4 9. e4 dxe3 10. Bxe3 Qd6 11. Na3 Nd7 12. Rae1 e6 13. Ng5 Qc7 14. Ne4 Ne7 15. Nb5 Qb6 16. Nbd6 Nf5 17.
Nxf5 exf5 18. Nxc5 Nxc5 19. b4 Rd8 20. bxc5 Qc7 21. d4 Be6 22. Bf2 Rac8 23. Rxe6 fxe6 24.
Qb3 Kf7 25. Re1 Re8 26. Bxb7 Rb8 27. c6 Qd6 28. Rd1 Re7 29. c4 Rc7 30. d5 exd5 31. cxd5 Re8 32. Ba6 Re4 33. Qc2 Qa3 34. d6 Qxa6 35.
dxc7 Qc8 36. Rd7+ Re7 37. Qc4+ Kf6 38. Bd4+ Re5 39. Bxe5# 1-0

[Event "Late-Titled-Tuesday-Blitz-March-26-2024"]
[Site "Chess.com"]
[Date "2024.03.26"]
[Round "8"]
[White "xasid81"]
[Black "Doublekk14"]
[Result "1-0"]
[WhiteElo "2628"]
[BlackElo "2422"]
[TimeControl "180+1"]
[EndTime "15:27:34 PDT"]
[Termination "xasid81 won on time"]

1. b3 Nf6 2. Bb2 e6 3. Nf3 d5 4. g3 Be7 5. Bg2 c5 6. O-O Nc6 7. e3 O-O 8. d4 b6 9. dxc5 bxc5 10. c4 Ba6 11. Nbd2 Rc8 12. Re1 d4 13. exd4 Nxd4 14.
Nxd4 cxd4 15. Nf3 Bb4 16. Re2 Bc3 17. Nxd4 Bxb2 18. Rxb2 Qb6 19. Nf3 Rfd8 20. Qe2 Nd5 21.
Rd2 Nb4 22. Rad1 Rxd2 23. Qxd2 h6 24. h4 Bb7 25. Ne1 Bxg2 26. Nxg2 a5 27. Nf4 Qc5 28.
Nd3 Nxd3 29. Qxd3 Qa3 30. Qc2 a4 31. Rb1 Rb8 32. c5 axb3 33. Rxb3 Rxb3 34. axb3 Qa6 35.
c6 Qa1+ 36. Kg2 Qa8 37. b4 1-0

[Event "Late-Titled-Tuesday-Blitz-March-26-2024"]
[Site "Chess.com"]
[Date "2024.03.26"]
[Round "8"]
[White "JackRodgers"]
[Black "BebeBonito2022"]
[Result "1-0"]
[WhiteElo "2542"]
[BlackElo "2290"]
[TimeControl "180+1"]
[EndTime "15:27:34 PDT"]
[Termination "JackRodgers won on time"]

1. c4 e5 2. g3 Nc6 3. Bg2 f5 4. Nc3 Nf6 5. e3 d5 6. cxd5 Nb4 7. d4 e4 8. Nge2 Nd3+ 9. Kf1 Bd6 10. Bd2 Nxb2 11.
Qb3 Nd3 12. Nc1 Nxc1 13. Rxc1 a6 14. a4 O-O 15. a5 Bd7 16. h3 b5 17. Kg1 Be8 18. Kh2 Bf7 19. Rc2 c6 20. Rhc1 Nxd5 21.
Nxd5 Bxd5 22. Qb2 g5 23. Bb4 f4 24. Bxd6 Qxd6 25. Rg1 fxg3+ 26. fxg3 Rf7 27. Rf2 Raf8 28. Rxf7 Rxf7 29. Qe2 Rf3 30. Bxf3 exf3 31. Qd3 Qe6 32. e4 Bxe4 33. Qd2 h6 34. Re1 Qf5 35. Qe3 f2 36. Rf1 1-0

[Event "Late-Titled-Tuesday-Blitz-March-26-2024"]
[Site "Chess.com"]
[Date "2024.03.26"]
[Round "8"]
[White "Shiner22"]
[Black "CURRUTACO59"]
[Result "0-1"]
[WhiteElo "2350"]
[BlackElo "2285"]
[TimeControl "180+1"]
[EndTime "15:27:35 PDT"]
[Termination "CURRUTACO59 won on time"]

1. e4 e5 2. Nf3 Nc6 3. Bc4 Bc5 4.
O-O d6 5. b4 Bb6 6. c3 Nf6 7.
d3 h6 8. a4 a5 9. b5 Ne7 10.
h3 Ng6 11. Re1 O-O 12. d4 Nh5 13. dxe5 dxe5 14. Ba3 Re8 15. Qb3 Qf6 16. Nbd2 Nhf4 17. Bf1 Be6 18. c4 Rad8 19. Rad1 Nh4 20. Bb2 Nxf3+ 21.
Nxf3 Ng6 22. Qc3 Bc5 23. Rxd8 Rxd8 24. Rc1 b6 0-1

[Event "Late-Titled-Tuesday-Blitz-March-26-2024"]
[Site "Chess.com"]
[Date "2024.03.26"]
[Round "8"]
[White "ckgchess"]
[Black "jcibarra"]
[Result "1-0"]
[WhiteElo "2945"]
[BlackElo "2991"]
[TimeControl "180+1"]
[EndTime "15:27:38 PDT"]
[Termination "ckgchess won on time"]

1. e4 c5 2. c3 Nf6 3. e5 Nd5 4. d4 cxd4 5. Bc4 Nb6 6. Bb3 Nc6 7. Nf3 g6 8. Ng5 d5 9. cxd4 f6 10. Nf3 Bg7 11. exf6 exf6 12. O-O O-O 13. h3 Bf5 14. Nc3 Na5 15. Re1 Qd7 16. Bf4 Rac8 17. Rc1 g5 18. Bg3 Rfe8 19. Rxe8+ Rxe8 20. Nxd5 Nxd5 21. Bxd5+ Qxd5 22. Rc5 Qxa2 23. Rxf5 Nc4 24. d5 Nxb2 25. Qc2 Rd8 26.
d6 Qe6 27. Rc5 f5 28. Nxg5 Qg6 29. Qb3+ Kf8 30. Ne6+ Ke8 31. Nxd8 Bd4 32. Rc8 Qxg3 33. Qxg3 1-0

[Event "Late-Titled-Tuesday-Blitz-March-26-2024"]
[Site "Chess.com"]
[Date "2024.03.26"]
[Round "8"]
[White "ahmedkandiliii"]
[Black "Laico"]
[Result "1-0"]
[WhiteElo "2530"]
[BlackElo "2406"]
[TimeControl "180+1"]
[EndTime "15:27:39 PDT"]
[Termination "ahmedkandiliii won by checkmate"]

1. e4 e6 2. d4 d5 3. Nc3 Nf6 4. e5 Nfd7 5. Nf3 c5 6. Be3 Nc6 7. dxc5 Ndxe5 8. Nxe5 Nxe5 9. Bb5+ Bd7 10.
Qe2 Rc8 11. O-O-O a6 12. Bxd7+ Nxd7 13. Rhe1 Bxc5 14. Nxd5 O-O 15. Bxc5 Nxc5 16. Nc3 Qa5 17. Qe5 b5 18. Kb1 b4 19. Ne4 Qb6 20. Nd6 Rc6 21. Nc4 Qb5 22. b3 a5 23. Rd6 a4 24. Rxc6 Qxc6 25. Rd1 axb3 26. axb3 Ra8 27. f3 Qa6 28. Kc1 Rc8 29. Qd4 h6 30. Kb2 Qb5 31. Ra1 Qc6 32. Qd6 Qb7 33. Qb6 Qd7 34. Qd6 Qb7 35. Ra5 Nd7 36.
Qd4 Nf6 37. Ra7 Qc6 38. Rxf7 Nd5 39. Qxg7# 1-0

[Event "Late-Titled-Tuesday-Blitz-March-26-2024"]
[Site "Chess.com"]
[Date "2024.03.26"]
[Round "8"]
[White "kingofthenil"]
[Black "GMBenjaminBok"]
[Result "1-0"]
[WhiteElo "2781"]
[BlackElo "2962"]
[TimeControl "180+1"]
[EndTime "15:27:40 PDT"]
[Termination "kingofthenil won on time"]

1. Nf3 Nf6 2. e3 g6 3. d4 Bg7 4. c4 O-O 5. Nc3 c5 6. d5 d6 7. h3 e6 8. Bd3 exd5 9. cxd5 Na6 10. O-O Re8 11. Re1 Rb8 12. e4 Nc7 13. a4 a6 14.
Bf4 b5 15. axb5 axb5 16. e5 Nfxd5 17. Nxd5 Nxd5 18. Bg5 Qb6 19. Be4 Nb4 20. exd6 Bxb2 21. Rb1 Bc3 22. Re3 Bd7 23. Rxc3 Rxe4 24. Be3 Rc8 25. Ng5 Rc4 26. Rxc4 bxc4 27. Ne4 Bf5 28. d7 Rd8 29. Bxc5 Qc6 30. Rxb4 Bxe4 31. Rb8 Rxb8 32. d8=Q+ Rxd8 33. Qxd8+ Kg7 34. Bd4+ f6 35. Qe7+ Kh6 36. Bxf6 1-0

[Event "Late-Titled-Tuesday-Blitz-March-26-2024"]
[Site "Chess.com"]
[Date "2024.03.26"]
[Round "8"]
[White "Juicy_Fork"]
[Black "EgorYakovlev"]
[Result "1-0"]
[WhiteElo "2573"]
[BlackElo "2670"]
[TimeControl "180+1"]
[EndTime "15:27:40 PDT"]
[Termination "Juicy_Fork won by resignation"]

1. e4 c5 2. Nf3 d6 3. d4 cxd4 4.
Nxd4 Nf6 5. Nc3 a6 6. Bd3 e6 7. f4 Qc7 8. Qe2 b5 9. a3 Nbd7 10. g4 Bb7 11. g5 Ng8 12. Bd2 Ne7 13. O-O-O Nc6 14. Nxc6 Bxc6 15. h4 Qb7 16. h5 Rb8 17. g6 hxg6 18. hxg6 Rxh1 19. gxf7+ Kxf7 20. Rxh1 b4 21. Qh5+ Ke7 22. axb4 Kd8 23. Qg5+ Kc8 24. Rh8 Qxb4 25. Bxa6+ Bb7 26. Bb5 Qc5 27. Qg6 Bc6 28.
Qxe6 Kb7 29. Bxc6+ Qxc6 30. Qb3+ Ka8 31. Qd5 Kb7 32. Be3 Qxd5 33. Nxd5 Kc6 34. Bd4 Ra8 35. b3 Re8 36. Bxg7 1-0

[Event "Late-Titled-Tuesday-Blitz-March-26-2024"]
[Site "Chess.com"]
[Date "2024.03.26"]
[Round "8"]
[White "Oleksandr_Bortnyk"]
[Black "kids2010"]
[Result "1-0"]
[WhiteElo "3040"]
[BlackElo "2811"]
[TimeControl "180+1"]
[EndTime "15:27:41 PDT"]
[Termination "Oleksandr_Bortnyk won on time"]

1. e4 e5 2. Bc4 Nc6 3. Nf3 Nf6 4. Ng5 d5 5. exd5 Na5 6. Bb5+ c6 7. dxc6 bxc6 8. Bd3 h6 9. Ne4 Nd5 10. O-O Be7 11.
Ng3 O-O 12. Bf5 Ba6 13. d3 Bf6 14. Qg4 Bg5 15. b4 Nb7 16. Bxg5 Qxg5 17. Qxg5 hxg5 18. a3 Nd6 19. Bd7 Ne7 20. Re1 Rfd8 21. Bg4 f6 22. Nd2 Nb5 23. Nb3 Nd4 24. Nxd4 Rxd4 25.
Be6+ Kf8 26. Ne4 Bc8 27. Nc5 a5 28. Bxc8 Nxc8 29. Ne6+ Kf7 30. Nxd4 exd4 31. Reb1 Nd6 32. bxa5 Rxa5 33. a4 Ke6 34. Kf1 Kd5 35. Ke2 g4 36. Kd2 g5 37. Rb8 Nb5 38. Rd8+ Kc5 39. Rf8 Nc3 40. Rxf6 Ra8 41. Rf5+ Kb4 42. a5 c5 43. a6 Ra7 44. Rxg5 Rf7 45. a7 Rxf2+ 46. Ke1 Re2+ 47.
Kf1 1-0

[Event "Late-Titled-Tuesday-Blitz-March-26-2024"]
[Site "Chess.com"]
[Date "2024.03.26"]
[Round "8"]
[White "Bala-Afiada"]
[Black "Tol_Tol"]
[Result "0-1"]
[WhiteElo "1873"]
[BlackElo "2298"]
[TimeControl "180+1"]
[EndTime "15:27:41 PDT"]
[Termination "Tol_Tol won by checkmate"]

1. d4 Nf6 2. c4 g6 3. Nc3 Bg7 4.
e4 O-O 5. Nf3 d6 6. Be2 e5 7.
Be3 Ng4 8. Bg5 f6 9. Bh4 g5 10. Bg3 Nh6 11. h3 Nc6 12. d5 Ne7 13. Nd2 Ng6 14.
b4 Nf4 15. Bxf4 exf4 16. Qb3 f5 17. Rc1 Qe7 18. c5 Bxc3 19. Rxc3 fxe4 20. cxd6 cxd6 21.
Qc4 Bd7 22. Qxe4 Qf6 23. Rc1 Rae8 24. Qd3 a6 25. O-O Bb5 26. Nc4 Nf5 27. Qd2 Nd4 28.
Bh5 f3 29. Bxe8 Rxe8 30. Ne3 Ne2+ 31. Kh1 fxg2+ 32. Kxg2 Nf4+ 33. Kh1 Bxf1 34. Rxf1 Qh6 35. Ng4 Qxh3+ 36. Nh2 Qg2# 0-1

[Event "Late-Titled-Tuesday-Blitz-March-26-2024"]
[Site "Chess.com"]
[Date "2024.03.26"]
[Round "8"]
[White "giovannibrandao7"]
[Black "elcala"]
[Result "0-1"]
[WhiteElo "2146"]
[BlackElo "1805"]
[TimeControl "180+1"]
[EndTime "15:27:41 PDT"]
[Termination "elcala won by checkmate"]

1. e4 d5 2. exd5 Qxd5 3. d4 Qd6 4.
Nf3 Nf6 5. Bd3 Bg4 6. h3 Bh5 7. O-O Nc6 8. c3 e6 9. Qe2 Nd5 10. Be4 f5 11. Bxf5 Bxf3 12. Qxe6+ Qxe6 13. Bxe6 Nd8 14. Bf5 Ne7 15. Bd3 Bc6 16. Re1 Nf7 17. Bc4 Nd6 18. Bb3 O-O-O 19. Bg5 Re8 20. Nd2 h6 21. Bf4 Ng6 22. Bh2 Rxe1+ 23. Rxe1 Ne7 24. Be6+ Bd7 25.
Bxd6 cxd6 26. Nc4 Bxe6 27. Rxe6 Nc6 28. d5 Ne5 29. Nxe5 dxe5 30. Rxe5 Kd7 31. c4 Bd6 32. Re6 Re8 33. Rg6 Re1# 0-1

[Event "Late-Titled-Tuesday-Blitz-March-26-2024"]
[Site "Chess.com"]
[Date "2024.03.26"]
[Round "8"]
[White "XDPS"]
[Black "Koalaskakistis"]
[Result "1-0"]
[WhiteElo "2912"]
[BlackElo "2506"]
[TimeControl "180+1"]
[EndTime "15:27:42 PDT"]
[Termination "XDPS won by checkmate"]

1. d4 f5 2. Bf4 Nf6 3. e3 e6 4. h4 b6 5. Nf3 Bb7 6. Nbd2 Bd6 7. h5 Bxf4 8. exf4 O-O 9. c3 Nc6 10. Bd3 Ne7 11. g3 Ne4 12. Rh2 Nxd2 13. Nxd2 c5 14. dxc5 bxc5 15. Qe2 h6 16. O-O-O Qc7 17. Nc4 Nc6 18.
Qe3 Na5 19. Ne5 d6 20. Ng6 Rf6 21. c4 Nc6 22. f3 Nd4 23. Rf2 e5 24. fxe5 dxe5 25.
Nxe5 Qa5 26. Kb1 Ra6 27. a3 Rb6 28. Bc2 Ba6 29. Rxd4 cxd4 30. Qxd4 Bb7 31. Bxf5 Rf6 32. g4 Rd8 33. Qe3 Rd1+ 34. Ka2 Re1 35. Re2 Rxe2 36. Qxe2 Ba6 37. f4 Qc5 38. Qd3 Rd6 39. Qe4 Qd4 40.
Qa8+ Rd8 41. Qc6 Qd6 42. Be6+ Kf8 43. Ng6# 1-0

[Event "Late-Titled-Tuesday-Blitz-March-26-2024"]
[Site "Chess.com"]
[Date "2024.03.26"]
[Round "8"]
[White "Payyappat"]
[Black "BilicVladimir"]
[Result "0-1"]
[WhiteElo "2532"]
[BlackElo "2657"]
[TimeControl "180+1"]
[EndTime "15:27:43 PDT"]
[Termination "BilicVladimir won on time"]

1. e4 c6 2. d4 d5 3. Nc3 dxe4 4. Nxe4 Nd7 5. Nf3 Ngf6 6. Nxf6+ Nxf6 7. Bd3 Bg4 8. c3 e6 9. O-O Qd5 10. Be2 Be7 11.
Ne5 Bxe2 12. Qxe2 O-O 13. f4 c5 14. Be3 cxd4 15. Bxd4 Bc5 16. Rad1 Rad8 17. f5 Bxd4+ 18. Rxd4 Qxa2 19. Ng4 Nxg4 20. Rxg4 exf5 21. Rxf5 Qe6 22. Re5 Rd1+ 23. Kf2 Qb6+ 24. Kg3 Qd6 25. Kh3 Rd3+ 26. g3 Rd2 27. Qe4 Rxb2 28. Rh5 g6 29. Qe3 Qd2 30.
Qxd2 Rxd2 31. Rb5 Rd7 32. Ra4 b6 33. Kg4 Rc8 34. Ra3 Rdc7 35. Rbb3 Kg7 36. Kf4 h5 37. Ke4 Re8+ 38. Kd3 Rd7+ 39. Kc4 Re2 40. h4 Rg2 41. Kb5 Rxg3 42. c4 Rg4 43. c5 bxc5 44. Kxc5 Rxh4 0-1

[Event "Late-Titled-Tuesday-Blitz-March-26-2024"]
[Site "Chess.com"]
[Date "2024.03.26"]
[Round "8"]
[White "ThinkingSquares"]
[Black "AryanTari"]
[Result "0-1"]
[WhiteElo "2797"]
[BlackElo "2988"]
[TimeControl "180+1"]
[EndTime "15:27:44 PDT"]
[Termination "AryanTari won by resignation"]

1. d4 d5 2. c4 e6 3. Nf3 Nf6 4. g3 h6 5. Bg2 Bd6 6. O-O O-O 7. b3 b6 8. cxd5 exd5 9. Nc3 Bb7 10. Bb2 c5 11. Rc1 Nbd7 12. e3 Rc8 13. Re1 Re8 14. Re2 a6 15. dxc5 bxc5 16. Rd2 Nb6 17. Nh4 Be5 18.
Nf5 Qd7 19. Nh4 Qe6 20. Nf3 Bxc3 21. Bxc3 Ne4 22. Rdc2 Nd7 23. Ba1 a5 24. Qe1 a4 25. bxa4 Ba6 26. Nd2 Bd3 27. Rb2 c4 28. Nxe4 dxe4 29. Rb5 c3 30. Rb3 c2 31. Qa5 Rc5 32. Qa7 Rec8 33. Bd4 R5c7 34. Qa5 Nc5 35. Rc3 Qxa2 36. Rxc5 Qb1 37. Qd2 Rxc5 38. Bxc5 Rxc5 39. h4 Rc4 40. a5 Qb4 0-1

[Event "Late-Titled-Tuesday-Blitz-March-26-2024"]
[Site "Chess.com"]
[Date "2024.03.26"]
[Round "8"]
[White "1g60-1"]
[Black "ImportedItalianMaple"]
[Result "0-1"]
[WhiteElo "2391"]
[BlackElo "2522"]
[TimeControl "180+1"]
[EndTime "15:27:44 PDT"]
[Termination "ImportedItalianMaple won by resignation"]

1. e4 g6 2. d4 Bg7 3. Nc3 d5 4. e5 f6 5. exf6 Nxf6 6. Be3 O-O 7. Be2 Nc6 8. Bg5 Be6 9. h4 Ne4 10.
Nxe4 dxe4 11. c3 Qd7 12. h5 h6 13. Be3 g5 14. Qc2 a5 15. b3 Bf5 16. O-O-O a4 17.
b4 a3 18. Qb3+ e6 19. g4 Bh7 20. Bb5 Kh8 21. Ne2 Bg8 22. Ng3 Qf7 23. Nxe4 Qf3 24.
Nd2 Qxg4 25. Rdg1 Qf5 26. Qc2 Qxb5 27. Ne4 Bh7 28. f3 Rxf3 29. Rf1 Rxe3 30. Rf7 Bxe4 0-1

[Event "Late-Titled-Tuesday-Blitz-March-26-2024"]
[Site "Chess.com"]
[Date "2024.03.26"]
[Round "8"]
[White "Heydarli77"]
[Black "Abhishek2"]
[Result "1-0"]
[WhiteElo "2466"]
[BlackElo "2328"]
[TimeControl "180+1"]
[EndTime "15:27:46 PDT"]
[Termination "Heydarli77 won by resignation"]

1. d4 Nf6 2. c4 e6 3. Nf3 d5 4. Nc3 Bb4 5. Bg5 h6 6. Bxf6 Qxf6 7. e3 O-O 8. Qb3 c5 9. a3 Bxc3+ 10. bxc3 dxc4 11. Bxc4 Nc6 12. Be2 e5 13. dxc5 e4 14. Nd4 Ne5 15. O-O Bg4 16. Qxb7 Rfe8 17. h3 Rab8 18. Qd5 Rbd8 19. Qa2 Nf3+ 20. Kh1 Qh4 21. Bxf3 Bxh3 22. g3 Qg5 23. Bg2 Bg4 24. Kg1 Qxc5 25. Rab1 Qh5 26. Rb7 Bf3 27. Rfb1 Rd6 28. R1b5 Qg6 29.
Bh3 Rf6 30. Rf5 Rf8 31. Qd5 Rd6 32. Qe5 Rb6 33. Rxb6 Qxb6 34. Qb5 Qc7 35. Qc5 Rb8 36. Nxf3 Rb1+ 37. Kh2 Qd8 38. Rd5 Qf6 39. Qc8+ Kh7 40. Qf5+ Qxf5 41. Bxf5+ g6 42. Bxe4 f5 43. Bxb1 1-0

[Event "Late-Titled-Tuesday-Blitz-March-26-2024"]
[Site "Chess.com"]
[Date "2024.03.26"]
[Round "8"]
[White "dretch"]
[Black "Oleg_Papayan"]
[Result "1-0"]
[WhiteElo "2868"]
[BlackElo "2645"]
[TimeControl "180+1"]
[EndTime "15:27:47 PDT"]
[Termination "dretch won by resignation"]

1. d4 d5 2. c4 dxc4 3. e3 Nf6 4. Bxc4 e6 5. Nf3 a6 6. O-O b5 7. Bd3 Bb7 8. a4 b4 9. Nbd2 Nbd7 10. Qe2 c5 11. e4 cxd4 12. e5 Nd5 13. Nb3 h6 14.
Re1 Nc5 15. Nxc5 Bxc5 16. Bd2 a5 17. Rac1 Bb6 18. Bb5+ Kf8 19. Qe4 Rb8 20. Qd3 g6 21. Nxd4 Nc7 22. Be3 Nxb5 23. axb5 Qd5 24. f3 Rd8 25.
Rcd1 Kg7 26. Qe2 Kh7 27. Bf2 Qa2 28. Ra1 Qd5 29. Red1 Rc8 30. Nc6 Bxf2+ 31. Qxf2 Qb3 32. Nxa5 1-0